 Dungeon Sprint DCSS version 0.26-a0-649-gf8c6c3aab7 (webtiles) character file.

Game seed: 15895858490814672522

8800000 sahdkjhfkaj the Conqueror (level 27, -21/273 HPs)
             Began as a Ghoul Warper on Sept 26, 2020.
             Was the Champion of Makhleb.
             Killed by the air
             ... invoked by a tyrant
              (47 damage)
             ... in the Dungeon (Sprint VIII: "Arena of Blood").
             The game lasted 00:01:54 (88 turns).

sahdkjhfkaj the Conqueror (Ghoul Warper)              Turns: 88, Time: 00:01:55

Health: -21/273    AC:  6    Str: 20    XL:     27
Magic:  25/53      EV: 32    Int:  8    God:    Makhleb [******]
Gold:   0          SH:  0    Dex: 16    Spells: 80/80 levels left

rFire    . . .     SeeInvis .   b - +∞ Axe of Woe
rCold    + . .     Faith    .   (shield currently unavailable)
rNeg     + + +     Spirit   .   a - +0 leather armour
rPois    ∞         Reflect  .   (no helmet)
rElec    .         Harm     .   (no cloak)
rCorr    .         Rampage  .   (no gloves)
MR       ++...     NoTele   +   (no boots)
Stlth    +++++++++.             (no amulet)
HPRegen  0.00/turn              (no ring)
MPRegen  0.33/turn              (no ring)

@: slowed, very slow
A: rotting body, claws 1, cold resistance 1, negative energy resistance 3,
inhibited regeneration, torment resistance, unbreathing
a: Minor Destruction, Lesser Servant of Makhleb, Major Destruction, Greater
Servant of Makhleb, Renounce Religion


You were in the Dungeon.
You worshipped Makhleb.
Makhleb was exalted by your worship.
You visited 1 branch

Inventory:

Hand Weapons
 b - the +∞ Axe of Woe (weapon)
   (You found it in the Dungeon)
Missiles
 d - 5 boomerangs of dispersal (quivered)
Armour
 a - a +0 leather armour (worn)
Scrolls
 c - 2 scrolls of blinking
Potions
 e - a potion of curing
 f - a potion of heal wounds
 g - a potion of haste
 h - 2 potions of magic


   Skills:
 O Level 27 Fighting
 O Level 27 Axes
 O Level 27 Throwing
 O Level 27 Armour
 O Level 27 Dodging
 O Level 27 Stealth
 O Level 27 Unarmed Combat
 O Level 27 Spellcasting
   Level 2.6 Translocations
 O Level 27 Invocations


You had 80 spell levels left.
You didn't know any spells.
Your spell library contained the following spells:

 Spells                   Type           Power        Failure   Level
 Blink                    Tloc           N/A          1%          2
 Gell's Gravitas          Tloc           ###.......   3%          3
 Lesser Beckoning         Tloc           ###.......   3%          3
 Teleport Other           Tloc           ###.....     3%          3
 Passage of Golubria      Tloc           N/A          10%         4


Dungeon Overview and Level Annotations

Branches:
Dungeon (1/1)

Altars:
Makhleb

Annotations:
D exclusions: hell beast, large abomination, lich, 3 ogres, orc, small abomination, tentacled monstrosity and 5 more exclusions


Innate Abilities, Weirdness & Mutations

Your body is rotting away.
You thrive by killing the living.
You are immune to poison.
You have sharp fingernails.
Your flesh is cold resistant. (rC+)
You are immune to negative energy. (rN+++)
You do not regenerate when monsters are visible.
You are immune to unholy pain and torment.
You can survive without breathing.


Message History

A bag of meat comes into view. It is wielding a +9 war axe.
You hear a shout!
A bag of meat comes into view. It is wielding a +9 war axe.
You hear a shout!
The bag of meat is engulfed in blazing flames.
You hear a shout!
The accursed gestures at you while chanting.
Something smites you!
* * * LOW HITPOINT WARNING * * *
The meat beast is engulfed in blazing flames.
The meat beast bites you!!
* * * LOW HITPOINT WARNING * * *
The meat beast tramples you!
* * * LOW HITPOINT WARNING * * *
You hold your ground!
An accursed comes into view.
The tyrant is engulfed in blazing flames.
The tyrant waves its bony arms in wide circles.
The air twists around and strikes you!!!
You die...

......... ...
...L..... ..o...
#.......# ...W..
#.......# §W..M.
.###.. o...###2D..o.
......###o..§...O...
......_..)))z§.....
.#.....#2§§§M..#.
#_.<._#°@)§.....
#.....#XLOo..#.#
......_..X)X.○...o.
......###.........#.
.###.. ....###..W...
#....O..# ..o...
#.......# ......
.......M. ......
....... ...


You could see 3 accurseds, 2 meat beasts, 2 tyrants, an eight-headed meat hydra,
a sculptor of flesh, 3 large bags of meat, 3 large abominations, 3 dreads and 7
bags of meat.

Vanquished Creatures
  Sigmund (D)
  10 hell beasts (D)
  6 greater mummies (D)
  4 wraiths (D)
  Harold (D)
  12 vampire knights (D)
  35 ogres (D)
  8 two-headed ogres (D)
  4 liches (D)
  A hydra (D)
  75 orcs (D)
  2 phantoms (D)
  6 skeletal warriors (D)
  10 large abominations (D)
  6 small abominations (D)
  10 crawling corpses (D)
191 creatures vanquished.

Vanquished Creatures (others)
  2 crawling corpses (D)
2 creatures vanquished.

Grand Total: 193 creatures vanquished

Notes
Turn   | Place    | Note
-------+----------+-------------------------------------------
     0 | D        | Found the +∞ Axe of Woe
     0 | D        | sahdkjhfkaj the Ghoul Warper began the quest for the Orb.
     0 | D        | Reached XP level 1. HP: 17/17 MP: 2/2
     1 | D        | Noticed a bag of meat
     1 | D        | Noticed a bag of meat
     3 | D        | Became a worshipper of Makhleb the Destroyer
     3 | D        | Noticed a bag of meat
     4 | D        | Noticed a bag of meat
     4 | D        | Noticed a bag of meat
     5 | D        | Noticed a bag of meat
     6 | D        | Noticed a meat berserker
     6 | D        | Noticed a meat berserker
     6 | D        | Noticed a meat berserker
     6 | D        | Noticed a bag of meat
     7 | D        | Noticed a bag of meat
     8 | D        | Killed a bag of meat
     8 | D        | Reached XP level 2. HP: 47/47 MP: 2/15
     8 | D        | Reached XP level 3. HP: 53/53 MP: 2/16
     8 | D        | Reached XP level 4. HP: 61/61 MP: 2/18
     8 | D        | Reached XP level 5. HP: 68/68 MP: 2/19
     8 | D        | Reached XP level 6. HP: 75/75 MP: 2/21
     8 | D        | Reached XP level 7. HP: 82/82 MP: 2/22
     8 | D        | Reached XP level 8. HP: 90/90 MP: 2/24
     8 | D        | Reached XP level 9. HP: 96/96 MP: 2/25
     8 | D        | Reached XP level 10. HP: 104/104 MP: 2/26
     8 | D        | Reached XP level 11. HP: 111/111 MP: 2/27
     8 | D        | Reached XP level 12. HP: 118/118 MP: 2/28
     8 | D        | Noticed a meat berserker
     8 | D        | Noticed a bag of meat
     9 | D        | Killed a bag of meat
     9 | D        | Reached * piety under Makhleb
     9 | D        | Reached skill level 5 in Throwing
     9 | D        | Reached skill level 5 in Armour
     9 | D        | Reached skill level 15 in Spellcasting
     9 | D        | Reached XP level 13. HP: 130/130 MP: 2/31
     9 | D        | Killed a bag of meat
     9 | D        | Reached skill level 15 in Dodging
     9 | D        | Reached XP level 14. HP: 143/143 MP: 2/33
     9 | D        | Killed a meat berserker
     9 | D        | Reached XP level 15. HP: 155/155 MP: 2/36
     9 | D        | Killed a meat berserker
     9 | D        | Reached ** piety under Makhleb
     9 | D        | Reached skill level 10 in Axes
     9 | D        | Reached XP level 16. HP: 168/168 MP: 2/39
     9 | D        | Killed a meat berserker
     9 | D        | Noticed a meat berserker
     9 | D        | Noticed a meat berserker
    10 | D        | Reached XP level 17. HP: 182/182 MP: 2/42
    10 | D        | Reached *** piety under Makhleb
    10 | D        | Noticed a meat berserker
    11 | D        | Killed a meat berserker
    11 | D        | Reached skill level 10 in Armour
    11 | D        | Reached XP level 18. HP: 199/199 MP: 3/45
    11 | D        | Reached **** piety under Makhleb
    11 | D        | Reached skill level 27 in Fighting
    11 | D        | Noticed a meat berserker
    12 | D        | Noticed a meat berserker
    13 | D        | Killed a meat berserker
    13 | D        | Reached skill level 27 in Unarmed Combat
    13 | D        | Reached XP level 19. HP: 207/207 MP: 3/48
    13 | D        | Noticed a large bag of meat
    14 | D        | Killed a meat berserker
    14 | D        | Reached ***** piety under Makhleb
    14 | D        | Reached skill level 27 in Spellcasting
    15 | D        | Noticed a destroyer
    15 | D        | Killed a meat berserker
    15 | D        | Reached skill level 27 in Axes
    15 | D        | Reached skill level 10 in Throwing
    15 | D        | Reached skill level 27 in Dodging
    15 | D        | Reached XP level 20. HP: 216/216 MP: 4/50
    15 | D        | Noticed a meat berserker
    15 | D        | Noticed a meat berserker
    17 | D        | Killed a meat berserker
    17 | D        | Reached skill level 15 in Throwing
    17 | D        | Reached XP level 21. HP: 224/224 MP: 5/51
    17 | D        | Noticed a meat berserker
    18 | D        | Noticed a destroyer
    18 | D        | Killed a meat berserker
    19 | D        | Reached skill level 27 in Armour
    20 | D        | Reached ****** piety under Makhleb
    20 | D        | Reached XP level 22. HP: 233/233 MP: 5/52
    21 | D        | Reached skill level 27 in Throwing
    21 | D        | Reached XP level 23. HP: 240/240 MP: 6/53
    21 | D        | Noticed a large bag of meat
    22 | D        | Killed a large bag of meat
    22 | D        | Reached skill level 27 in Stealth
    22 | D        | Reached skill level 27 in Invocations
    23 | D        | Killed a destroyer
    24 | D        | Noticed a destroyer
    24 | D        | Reached XP level 24. HP: 249/249 MP: 6/53
    25 | D        | Killed a large bag of meat
    27 | D        | Noticed The Servant
    28 | D        | Reached XP level 25. HP: 257/257 MP: 7/53
    33 | D        | Noticed a destroyer
    33 | D        | Killed a destroyer
    33 | D        | Reached XP level 26. HP: 266/266 MP: 8/53
    35 | D        | Killed a destroyer
    35 | D        | Reached XP level 27. HP: 273/273 MP: 9/53
    38 | D        | Killed The Servant
    38 | D        | Killed a destroyer
    42 | D        | Noticed a large bag of meat
    44 | D        | Noticed an accursed
    45 | D        | Noticed an accursed
    46 | D        | Noticed a tyrant
    47 | D        | Noticed a large bag of meat
    50 | D        | Noticed a destroyer
    51 | D        | Noticed a large bag of meat
    51 | D        | Killed a large bag of meat
    51 | D        | Noticed an accursed
    53 | D        | Noticed a large bag of meat
    54 | D        | Noticed an accursed
    55 | D        | Killed a destroyer
    56 | D        | Killed a large bag of meat
    56 | D        | Noticed a destroyer
    57 | D        | Killed an accursed
    57 | D        | Noticed a destroyer
    59 | D        | Noticed The Captor
    60 | D        | Killed a tyrant
    60 | D        | Killed a destroyer
    61 | D        | Noticed a dread
    61 | D        | Noticed a meat beast
    62 | D        | Noticed a meat beast
    62 | D        | Killed a large bag of meat
    62 | D        | Killed a large bag of meat
    63 | D        | Killed an accursed
    63 | D        | Noticed a destroyer
    63 | D        | Noticed a destroyer
    64 | D        | Killed a dread
    65 | D        | Killed a meat beast
    65 | D        | Killed an accursed
    66 | D        | Noticed a meat beast
    66 | D        | Killed a destroyer
    66 | D        | Killed a destroyer
    67 | D        | Noticed a meat beast
    67 | D        | Noticed a large bag of meat
    68 | D        | Killed a meat beast
    68 | D        | Killed a meat beast
    68 | D        | Noticed an accursed
    68 | D        | Noticed a meat beast
    69 | D        | Killed a destroyer
    69 | D        | Noticed a destroyer
    69 | D        | Noticed a dread
    69 | D        | Noticed a dread
    70 | D        | Killed a meat beast
    70 | D        | Noticed an accursed
    71 | D        | Killed The Captor
    71 | D        | Killed a destroyer
    71 | D        | Noticed a tyrant
    72 | D        | Killed a meat beast
    74 | D        | Noticed a meat beast
    74 | D        | Killed a large bag of meat
    74 | D        | Noticed a tyrant
    74 | D        | Noticed a meat beast
    74 | D        | Noticed an accursed
    76 | D        | Killed a meat beast
    76 | D        | Killed a dread
    77 | D        | Noticed a meat beast
    77 | D        | Noticed a destroyer
    77 | D        | Noticed a large bag of meat
    78 | D        | Noticed a dread
    78 | D        | Noticed a destroyer
    78 | D        | Killed a meat beast
    78 | D        | Killed an accursed
    78 | D        | Noticed a tyrant
    79 | D        | Noticed an accursed
    80 | D        | Killed a tyrant
    80 | D        | Killed a dread
    81 | D        | Killed a destroyer
    81 | D        | Killed a destroyer
    81 | D        | Noticed a large bag of meat
    82 | D        | Killed an accursed
    83 | D        | Killed a meat beast
    83 | D        | Noticed a meat beast
    84 | D        | Killed a dread
    84 | D        | Noticed a tyrant
    84 | D        | Noticed a tyrant
    84 | D        | Noticed a dread
    84 | D        | Noticed a meat beast
    85 | D        | Killed a tyrant
    85 | D        | Killed a meat beast
    85 | D        | Noticed a meat beast
    86 | D        | Killed a large bag of meat
    86 | D        | Noticed a large bag of meat
    86 | D        | Noticed a dread
    86 | D        | Noticed a meat beast
    87 | D        | Noticed an accursed
    87 | D        | Killed an accursed
    87 | D        | Killed a meat beast
    87 | D        | Killed a tyrant
    87 | D        | Noticed a dread
    87 | D        | Noticed a large bag of meat
    88 | D        | Noticed an accursed
    88 | D        | Killed from afar by a tyrant

Illustrated notes

Levels and vault maps discovered:
D:        meatsprint

Skill      XL: |  1  2  3  4  5  6  7  8  9 10 11 12 13 14 15 16 17 18 19 20 21 22 23 |
---------------+----------------------------------------------------------------------+-----
Fighting       | 14 16 18 20 21 24 26 27 | 27.0
Axes           | 4 6 7 8 10 12 16 20 27 | 27.0
Throwing       | 4 5 6 7 8 10 15 26 27 | 27.0
Armour         | 4 5 6 7 8 9 10 11 14 22 27 | 27.0
Dodging        | 12 14 15 17 19 20 22 24 27 | 27.0
Unarmed Combat | 14 16 17 19 21 23 25 27 | 27.0
Spellcasting   | 13 15 16 18 20 22 24 26 27 | 27.0
Stealth        | 25 27 | 27.0
Invocations    | 24 27 | 27.0
Translocations | |  2.6

Action                   |  1- 3 |  4- 6 |  7- 9 | 10-12 | 13-15 | 16-18 | 19-21 | 22-24 | 25-27 || total
-------------------------+-------+-------+-------+-------+-------+-------+-------+-------+-------++-------
Melee: Executioner's axe |     1 |       |       |     1 |       |     3 |     6 |     8 |    50 ||    69
Armor: Leather armour    |       |       |       |       |       |     1 |       |       |     4 ||     5
Dodge: Dodged            |       |       |       |       |       |     1 |       |       |     7 ||     8

Table legend: (Time is in decaauts)
 A = Elapsed time spent in this place.
 B = Non-inter-level travel time spent in this place.
 C = Inter-level travel time spent in this place.
 D = Time resting spent in this place.
 E = Time spent auto-exploring this place.
 F = Levels seen in this place.
 G = Mean time per level.
                   A        B        C        D        E       F      G
               +--------+--------+--------+--------+--------+-----+--------+
         Total |     79 |     79 |      0 |      0 |      0 |   1 |   79.0 |
       Dungeon |     79 |     79 |      0 |      0 |      0 |   1 |   79.0 |
               +--------+--------+--------+--------+--------+-----+--------+

Top non-repeatable levels by time:
       D: 79 daAuts
